 Dungeon Crawl Stone Soup version 0.26-a0-259-g1effd001a9 (webtiles) character file.

Game seed: 15392727135697294627

1144501 HoaS the Conqueror (level 27, -6/199 HPs)
             Began as a Gargoyle Gladiator on July 19, 2020.
             Was the Champion of Zin.
             Mangled by a bennu (8 damage)
             ... on level 2 of the Tomb of the Ancients on July 23, 2020.
             The game lasted 07:12:26 (123489 turns).

HoaS the Conqueror (Gargoyle Gladiator)           Turns: 123489, Time: 07:12:26

Health: -6/199     AC: 63    Str: 20      XL:     27
Magic:  39/39      EV: 30    Int: 11      God:    Zin [******]
Gold:   10766      SH:  0    Dex: 13 (20) Spells: 26/26 levels left

rFire    . . .     SeeInvis +   w - +9 lajatang (speed)
rCold    . . .     Faith    .   (shield currently unavailable)
rNeg     + + .     Spirit   .   G - +8 shadow dragon scales
rPois    ∞         Reflect  .   F - +0 mask of the Dragon {MR+ Slay+3 SInv}
rElec    +         Harm     .   y - +2 cloak of the Desolation of Salt {+Blink MR+ rCorr Slay+2}
rCorr    +         Clarity  +   W - +2 pair of gloves
MR       +++++                  V - +2 pair of boots {run}
Stlth    +++++++++.             x - amulet of the Four Winds {rN+ MR+++ Clar}
HPRegen  0.43/turn              a - +4 ring of evasion
MPRegen  0.26/turn              M - +4 ring of evasion

@: marked, flying, slowed, very slow
A: big wings, negative energy resistance 1, electricity resistance, unbreathing,
petrification resistance, rot immunity, AC +20
}: 8/15 runes: decaying, silver, iron, obsidian, icy, bone, abyssal, gossamer
a: Stop Flying, Recite, Vitalisation, Imprison, Sanctuary, Donate Gold, Renounce
Religion, Evoke Blink


You were on level 2 of the Tomb of the Ancients.
You worshipped Zin.
Zin was exalted by your worship.
You were not hungry.

You visited 17 branches of the dungeon, and saw 83 of its levels.
You visited the Abyss 5 times.
You visited 1 bazaar.
You also visited: Trove, Sewer, Ossuary, Ice Cave and Wizlab.

You collected 19771 gold pieces.
You spent 5002 gold pieces at shops.
You donated 4003 gold pieces to Zin.

Inventory:

Hand Weapons
 w - a +9 lajatang of speed (weapon)
Missiles
 d - 15 javelins (quivered)
 m - 3 throwing nets
 o - 6 silver javelins
Armour
 y - the +2 cloak of the Desolation of Salt (worn) {+Blink MR+ rCorr Slay+2}
   (You acquired it on level 5 of the Depths)

   It affects your accuracy and damage with ranged weapons and melee attacks
   (+2).
   It affects your resistance to hostile enchantments.
   It lets you blink.
   It provides partial protection from all sources of acid and corrosion.
 F - the +0 mask of the Dragon (worn) {MR+ Slay+3 SInv}
   (You found it on level 2 of the Realm of Zot)

   It affects your accuracy and damage with ranged weapons and melee attacks
   (+3).
   It affects your resistance to hostile enchantments.
   It lets you see invisible.
 G - +8 shadow dragon scales (worn)
 V - a +2 pair of boots of running (worn)
 W - a +2 pair of gloves (worn)
Jewellery
 a - a +4 ring of evasion (left hand)
 x - the amulet of the Four Winds (around neck) {rN+ MR+++ Clar}
   (You found it in a treasure trove)

   [amulet of nothing]

   It protects you from negative energy.
   It affects your resistance to hostile enchantments.
   It protects you against confusion.
 M - a +4 ring of evasion (right hand)
Wands
 s - a wand of acid (37)
 P - a wand of digging (16)
Scrolls
 b - 2 scrolls of fear
 c - a scroll of holy word
 h - 5 scrolls of magic mapping
 k - 20 scrolls of identify
 l - 2 scrolls of enchant weapon
 p - 44 scrolls of remove curse
 E - 24 scrolls of teleportation
 O - 8 scrolls of blinking
 S - 5 scrolls of fog
 U - 2 scrolls of summoning
Potions
 e - 6 potions of haste
 g - 14 potions of mutation
 i - 2 potions of ambrosia
 j - 35 potions of curing
 n - 10 potions of berserk rage
 t - 7 potions of might
 v - 4 potions of invisibility
 z - a potion of heal wounds
 A - 9 potions of resistance
 N - 7 potions of cancellation
Comestibles
 f - 131 rations


   Skills:
 O Level 27 Fighting
 O Level 27 Staves
 + Level 13.0 Throwing
 O Level 27 Armour
 O Level 27 Dodging
 O Level 27 Stealth
 * Level 25.1 Invocations
 + Level 18.8 Evocations


You had 26 spell levels left.
You didn't know any spells.
Your spell library contained the following spells:

 Spells                   Type           Power        Failure   Level
 Animate Skeleton         Necr           #.....       67%         1
 Apportation              Tloc           #.....       67%         1
 Corona                   Hex            #......      67%         1
 Infusion                 Chrm           #...         67%         1
 Magic Dart               Conj           #...         67%         1
 Pain                     Necr           #...         67%         1
 Sandblast                Erth           #.....       67%         1
 Shock                    Conj/Air       #...         67%         1
 Sting                    Tmut/Pois      #...         67%         1
 Summon Butterflies       Summ           #.......     67%         1
 Blink                    Tloc           N/A          82%         2
 Call Imp                 Summ           #.......     82%         2
 Corpse Rot               Necr/Air       N/A          82%         2
 Ensorcelled Hibernation  Hex/Ice        #.....       82%         2
 Passwall                 Tmut/Erth      #.......     82%         2
 Poisonous Vapours        Pois/Air       #.....       82%         2
 Searing Ray              Conj           #.....       82%         2
 Shroud of Golubria       Chrm/Tloc      #.....       82%         2
 Slow                     Hex            #.......     82%         2
 Song of Slaying          Chrm           #.......     82%         2
 Swiftness                Chrm/Air       #.......     82%         2
 Call Canine Familiar     Summ           #.......     96%         3
 Confusing Touch          Hex            #.......     96%         3
 Conjure Flame            Conj/Fire      #.......     96%         3
 Dazzling Flash           Conj/Hex       #.....       96%         3
 Ignite Poison            Fire/Tmut/Pois #.......     96%         3
 Mephitic Cloud           Conj/Pois/Air  #.......     96%         3
 Ozocubu's Armour         Chrm/Ice       #.......     96%         3
 Recall                   Summ/Tloc      N/A          96%         3
 Spectral Weapon          Hex/Chrm       #.......     96%         3
 Static Discharge         Conj/Air       #.......     96%         3
 Stone Arrow              Conj/Erth      #.....       96%         3
 Tukima's Dance           Hex            #.......     96%         3
 Vampiric Draining        Necr           #.........   96%         3
 Airstrike                Air            #.........   100%        4
 Animate Dead             Necr           #.........   100%        4
 Cause Fear               Hex            #.........   100%        4
 Dispel Undead            Necr           #.......     100%        4
 Fulminant Prism          Conj/Hex       #.........   100%        4
 Iskenderun's Mystic Bla  Conj/Tloc      #.......     100%        4
 Leda's Liquefaction      Hex/Erth       #.........   100%        4
 Olgreb's Toxic Radiance  Pois           #.......     100%        4
 Passage of Golubria      Tloc           N/A          100%        4
 Petrify                  Tmut/Erth      #.......     100%        4
 Sticky Flame             Conj/Fire      #.......     100%        4
 Summon Ice Beast         Ice/Summ       #.......     100%        4
 Summon Lightning Spire   Summ/Air       #.......     100%        4
 Agony                    Necr           #.......     100%        5
 Alistair's Intoxication  Tmut/Pois      #.......     100%        5
 Bolt of Magma            Conj/Fire/Erth #.........   100%        5
 Borgnjor's Vile Clutch   Necr/Erth      #.........   100%        5
 Excruciating Wounds      Chrm/Necr      #.........   100%        5
 Fireball                 Conj/Fire      #.........   100%        5
 Irradiate                Conj/Tmut      #.........   100%        5
 Iskenderun's Battlesphe  Conj/Chrm      #.......     100%        5
 Lee's Rapid Deconstruct  Erth           #.........   100%        5
 Lightning Bolt           Conj/Air       #.........   100%        5
 Silence                  Hex/Air        #.........   100%        5
 Summon Forest            Summ/Tloc      #.........   100%        5
 Summon Mana Viper        Hex/Summ       #.......     100%        5
 Yara's Violent Unravell  Hex/Tmut       #.........   100%        5
 Conjure Ball Lightning   Conj/Air       #.........   100%        6
 Darkness                 Hex            #.........   100%        6
 Death Channel            Necr           #.........   100%        6
 Eringya's Noxious Bog    Tmut/Pois      #.........   100%        6
 Freezing Cloud           Conj/Ice/Air   #.........   100%        6
 Hydra Form               Tmut           #.........   100%        6
 Invisibility             Hex            #.......     100%        6
 Iron Shot                Conj/Erth      #.........   100%        6
 Shadow Creatures         Summ           N/A          100%        6
 Simulacrum               Ice/Necr       #.........   100%        6
 Orb of Destruction       Conj           #.........   100%        7
 Ring of Flames           Chrm/Fire      #.........   100%        7
 Spellforged Servitor     Conj/Summ      #.........   100%        7
 Summon Hydra             Summ           #.........   100%        7
 Chain Lightning          Conj/Air       #.........   100%        8
 Discord                  Hex            #.........   100%        8
 Lehudib's Crystal Spear  Conj/Erth      #.........   100%        8
 Absolute Zero            Ice            #.........   100%        9
 Fire Storm               Conj/Fire      #.........   100%        9
 Shatter                  Erth           #.........   100%        9
 Tornado                  Air            #.........   100%        9
 Sublimation of Blood     Necr           Unusable     N/A         2
 Statue Form              Tmut/Erth      Unusable     N/A         6

Dungeon Overview and Level Annotations

Branches:
Dungeon (15/15)            Temple (1/1) D:7            Lair (6/6) D:10
  Swamp (4/4) Lair:3       Spider (4/4) Lair:2        Slime (0/5) Lair:5
    Orc (2/2) D:12            Elf (3/3) Orc:2        Vaults (5/5) D:14
  Crypt (3/3) Vaults:3       Tomb (2/3) Crypt:3      Depths (5/5) D:15
   Hell (visited)             Dis (7/7) Hell            Geh (7/7) Hell
    Coc (7/7) Hell            Tar (7/7) Hell            Zot (5/5) Depths:5
  Sewer (visited)         Ossuary (visited)           IceCv (visited)
 WizLab (visited)

Altars:
Ashenzari
Cheibriados
Dithmenos
Elyvilon
Fedhas
Gozag
Hepliaklqana
Kikubaaqudgha
Makhleb
Nemelex Xobeh
Okawaru
Qazlal
Ru
Sif Muna
Trog
Uskayaw
Vehumet
Wu Jian
Xom
Yredelemnul
Zin
The Shining One
Jiyva

Shops:
D:4 *   D:12 (   Orc:2 :*!=!   Vaults:1 *   Depths:2 (

Portals:
Hell: Depths:1 Depths:2 Depths:3 Depths:4 Depths:5
Abyss: Lair:1 Depths:4 Depths:5
Pandemonium: Depths:3
Ziggurat: Depths:1

Annotations:
Tomb:2 Boris
Geh:4 30 runed doors


Innate Abilities, Weirdness & Mutations

You are resistant to torment.
Your stone body is resilient. (AC +20)
You are immune to poison.
Your large and strong wings let you fly indefinitely.
You resist negative energy. (rN+)
You are resistant to electric shocks. (rElec)
You can survive without breathing.
You are immune to petrification.
You are immune to rotting.


Message History

The power of Zot is invoked against you!
The guardian mummy is recalled.
The necrophage is recalled.
The bennu closely misses you. The bennu completely misses you.
The bennu claws you but does no damage.
A guardian mummy comes into view.
The bennu misses you. The bennu claws you.
* * * LOW HITPOINT WARNING * * *
The bennu misses you.
You feel less vulnerable to hostile enchantments.
The bennu completely misses you. x2; The bennu claws you but does no damage.
You hear a loud "Zot"!
The mummy completely misses you.
There is an open door here.
The bennu completely misses you. The bennu claws you but does no damage.
The bennu completely misses you.
The bennu's plumage briefly flares with an otherwordly flame.
The bennu pecks you!
* * * LOW HITPOINT WARNING * * *
The bennu claws you!
You die...

# ...#
#####'########
#.............
######........MM...
#^...#.^...W.zM..M.
#....#ZZZ.8z.zZ.§z.
#.@b.#MM.M.M##Mz.z.
###b##zZMML###.M.##
#W.zM#.Mn.###MMMZ##


#.nMz#zz.###..zMMzL #..^.L..M##.M[..zM. #.^..#MZ..Z.....ZM. #.^..#MM..8Z.M^.M..
######.z..##....... #...........M. You could see a revenant, 2 bennus, a mummy
priest, a skeletal warrior, 3 guardian mummies, 2 flying skulls and a mummy.

Vanquished Creatures
  Antaeus (Coc:7)
  Asmodeus (Geh:7)
  Ereshkigal (Tar:7)
  the Serpent of Hell (Coc:7)
  Tiamat (Zot:3)
  Dispater (Dis:7)
  An orb of fire (Zot:5)
  8 ancient liches
  2 juggernauts
  Mara (Vaults:2)
  The ghost of Bodyips the Sensei, a legendary DETm of Kikubaaqudgha (Crypt:2)
  7 greater mummies
  Boris (twice) (Vaults:5 Crypt:2)
  Frederick (Vaults:4)
  25 shard shrikes
  8 Killer Klowns (Zot:5)
  Margery (Vaults:2)
  Geryon (Hell)
  2 caustic shrikes
  A curse toe (Zot:5)
  17 golden dragons
  Jory (Vaults:5)
  A profane servitor (Abyss:1)
  16 bone dragons
  26 Brimstone Fiends
  5 hellephants
  30 Tzitzimimeh
  11 iron giants
  2 electric golems (Zot:5)
  13 doom hounds
  Jorgrun (Orc:2)
  29 liches
  6 Hell Sentinels (Dis:7)
  5 titans
  18 tentacled monstrosities
  17 Ice Fiends
  The ghost of Nafoal the Tortoise, an adept GrFi of Makhleb (Crypt:2)
  25 Orb Guardians (Zot:5)
  Asterion (Vaults:2)
  2 deep elf blademasters
  8 quicksilver dragons
  10 tentacled starspawn
  A deep elf master archer (Elf:3)
  10 death cobs
  Frances (Spider:1)
  8 Executioners
  Kirke (Elf:1)
  2 revenants
  13 ancient champions
  12 sphinxes
  4 thorn hunters
  17 storm dragons
  15 shadow dragons
  10 tengu reavers
  A daeva (Abyss:3)
  22 fire giants
  Aizul (Spider:4)
  7 draconian monks
  4 deep elf sorcerers
  9 ghost moths
  9 draconian knights
  An orc warlord (Depths:4)
  9 frost giants
  25 vault wardens
  5 curse skulls
  4 draconian annihilators
  12 draconian scorchers
  29 balrugs
  10 cacodemons
  4 spriggan defenders
  12 iron dragons
  11 draconian shifters
  3 emperor scorpions (Spider:4)
  3 draconian stormcallers
  7 deep elf elementalists
  17 war gargoyles
  The ghost of Ziunt the Unseen, an adept SpFi of Uskayaw (Spider:2)
  89 reapers
  24 very ugly things
  2 ophanim (Abyss:3)
  6 elemental wellsprings
  2 angels
  21 stone giants
  24 ironheart preservers
  8 entropy weavers
  10 white draconians
  11 green draconians
  7 deep elf demonologists
  13 yellow draconians
  7 purple draconians
  20 black draconians
  8 red draconians
  16 vampire knights
  16 deep elf annihilators
  A dire elephant (Lair:3)
  7 spark wasps
  The ghost of Siteim the Basher, a journeyman MiAK of Lugonu (Lair:3)
  4 eidola
  Snorg (Lair:6)
  10 deep elf death magi
  17 fire dragons
  27 blizzard demons
  16 ettins
  A spectral kraken (Tar:7)
  11 great orbs of eyes
  3 green deaths
  6 deep elf high priests
  18 jiangshi
  4 quicksilver dragon zombies
  14 yaktaur captains
  14 mummy priests
  5 rakshasas
  5 kraken zombies
  6 quicksilver dragon skeletons
  30 ice dragons
  40 vault guards
  2 hell beasts
  6 spriggan air magi
  2 catoblepae
  4 shambling mangroves
  4 ghost crabs
  17 ogre magi
  25 hydras
  14 centaur warriors
  The ghost of Ziuclaem the Covert, a journeyman OpBr of Fedhas (Lair:1)
  16 vampire magi
  5 death scarabs (Tomb:1)
  A death knight (Crypt:1)
  14 alligators
  36 hell hogs
  27 dancing weapons
  13 titan zombies
  A queen ant (Spider:1)
  10 deep troll shamans
  39 two-headed ogres
  4 orc high priests
  A shock serpent (shapeshifter) (Vaults:5)
  2 spriggan berserkers
  10 tengu warriors
  7 thrashing horrors
  4 naga sharpshooters (Depths:4)
  6 deep troll earth magi
  22 soul eaters
  3 iron golems
  25 sun demons
  Urug (Lair:5)
  13 storm dragon zombies
  109 hell knights
  6 shadow wraiths
  7 wretched stars
  17 titan skeletons
  2 fire crabs (shapeshifter)
  11 storm dragon skeletons
  5 iron trolls
  5 golden dragon zombies
  11 deep elf knights
  25 deep trolls
  7 spatial maelstroms
  3 sixfirhies
  203 skeletal warriors
  30 anaconda zombies
  A death drake (shapeshifter) (Depths:4)
  5 glowing orange brains
  21 shadow demons
  9 swamp dragons
  22 starcursed masses
  13 ironbrand convokers
  4 death drakes
  8 unseen horrors
  A cherub (Abyss:3)
  15 flayed ghosts
  5 ghost moth zombies
  2 spriggan druids
  3 golden dragon skeletons
  8 shadow dragon zombies
  An orange crystal statue (D:8)
  6 spectral hydras (Swamp:3)
  20 deep elf archers
  13 anaconda skeletons
  10 wolf spider zombies
  12 orb spiders
  8 wizards
  4 harpies (Vaults:2)
  42 necromancers
  22 phantasmal warriors
  A mana viper (shapeshifter) (Vaults:3)
  20 orc knights
  76 deep elf magi
  6 shadow dragon skeletons
  46 ugly things
  42 wolf spiders
  A cyclops (shapeshifter) (Depths:4)
  A wolf spider (shapeshifter) (Vaults:1)
  4 worldbinders
  An orb spider (shapeshifter) (Vaults:1)
  12 fire giant zombies
  12 stone giant zombies
  10 iron dragon zombies
  15 frost giant zombies
  A manticore (D:15)
  7 orc sorcerers
  Joseph (D:7)
  A salamander (shapeshifter) (Vaults:5)
  48 slime creatures
  6 iron dragon skeletons
  31 elephants
  10 ice statues
  30 moths of wrath
  9 cyclopes
  23 fire giant skeletons
  63 rust devils
  Maurice (Orc:2)
  18 vault sentinels
  9 frost giant skeletons
  Psyche (D:9)
  5 shock serpent zombies
  A titan simulacrum (Coc:5)
  5 black mambas
  An apocalypse crab (Abyss:5)
  A guardian serpent (Lair:6)
  6 stone giant skeletons
  33 smoke demons
  A cane toad (shapeshifter) (Vaults:4)
  8 molten gargoyles
  2 torpor snails (Spider:2)
  2 naga magi
  27 cane toads
  8 orange demons
  10 dire elephant zombies
  6 gargoyles
  3 shock serpent skeletons
  4 emperor scorpion zombies
  2 storm dragon simulacra
  9 spectral swamp worms (Tar:7)
  2 catoblepas zombies
  14 demonic crawlers
  A red draconian zombie (Coc:2)
  A kobold demonologist (D:13)
  68 yaktaurs
  2 minotaur zombies (Dis:6)
  A pale draconian zombie (Crypt:2)
  52 hellions
  8 komodo dragons
  10 dire elephant skeletons
  A ghost moth simulacrum (Crypt:2)
  3 rime drakes
  70 freezing wraiths
  A komodo dragon (shapeshifter) (D:15)
  18 swamp worm zombies
  68 tormentors
  A rime drake (shapeshifter) (D:11)
  A redback zombie (D:15)
  70 ice devils
  A yaktaur (shapeshifter) (Abyss:2)
  7 anaconda simulacra
  A sea snake zombie (Crypt:1)
  37 red devils
  15 efreet
  19 guardian mummies
  4 silent spectres
  A minotaur skeleton (Dis:7)
  5 tengu conjurers
  4 hellwings
  6 ancient zymes (Abyss:5)
  A golden dragon simulacrum (IceCv)
  A queen bee (shapeshifter) (Depths:2)
  A meliai (shapeshifter) (Vaults:3)
  6 harpy zombies
  A polar bear (shapeshifter) (Vaults:2)
  3 meliai (Spider:2)
  29 jumping spiders
  A green draconian skeleton (Geh:1)
  41 hydra zombies
  6 trolls
  23 blink frogs
  A moth of wrath zombie (Crypt:2)
  A hornet (shapeshifter) (D:14)
  16 hydra skeletons
  7 harpy skeletons
  9 tyrant leeches
  9 ice dragon zombies
  21 ettin zombies
  9 raiju
  22 alligator zombies
  A dream sheep (shapeshifter) (D:9)
  7 fire dragon zombies
  33 hornets
  A slime creature (shapeshifter) (Depths:4)
  15 bog bodies
  13 hippogriffs
  A stone giant simulacrum (Coc:7)
  12 spriggans
  5 black mamba zombies
  3 vampires
  229 flying skulls
  A centaur simulacrum (D:14)
  14 ettin skeletons
  11 fire dragon skeletons
  74 redbacks
  3 dire elephant simulacra (IceCv)
  8 ice dragon skeletons
  5 alligator skeletons
  58 shadows
  A tarantella (shapeshifter) (Vaults:1)
  A wyvern (shapeshifter) (Depths:1)
  11 ushabtiu
  4 ynoxinuls
  Eustachio (D:4)
  33 large abominations
  23 water elementals
  2 air elementals
  A hog (Elf:1)
  A spriggan (shapeshifter) (Vaults:4)
  13 tarantellas
  5 black mamba skeletons
  2 tyrant leech zombies (Swamp:3)
  31 yaks
  68 wraiths
  12 wyverns
  Grum (Lair:1)
  A golden eye (shapeshifter) (Depths:5)
  A wind drake skeleton (Crypt:2)
  5 basilisks
  31 vampire mosquitoes
  34 fire elementals
  5 wargs
  A human simulacrum (Vaults:3)
  6 chaos spawn
  An emperor scorpion simulacrum (Tomb:1)
  4 neqoxecs
  A swamp worm (shapeshifter) (Vaults:4)
  4 merfolk zombies
  A gelid demonspawn zombie (Crypt:1)
  A monstrous demonspawn zombie (Crypt:2)
  17 swamp worms
  2 harpy simulacra (IceCv)
  25 soldier ants
  12 spatial vortices
  3 acid dragons
  19 water moccasins
  2 orb spider zombies
  3 hydra simulacra
  23 cane toad zombies
  7 floating eyes
  88 hell hounds
  A water nymph skeleton (Crypt:2)
  2 merfolk skeletons
  4 porcupines
  42 orc warriors
  An alligator simulacrum (Coc:6)
  11 snapping turtle zombies
  3 manticore zombies
  6 cane toad skeletons
  34 necrophages
  18 small abominations
  26 ice beasts
  2 fire dragon simulacra
  16 swamp drakes
  An ice beast (shapeshifter) (Vaults:5)
  9 sky beasts
  2 tengu (shapeshifter)
  18 phantoms
  2 eyes of draining
  2 black bears (D:9)
  5 swamp dragon zombies
  31 ogres
  7 wolves (Lair:1)
  5 boggarts (D:15)
  21 centaurs
  3 swamp dragon skeletons
  7 snapping turtle skeletons
  14 crocodiles
  4 big kobolds
  A manticore skeleton (Coc:6)
  Blork the orc (D:5)
  A big kobold (shapeshifter) (Vaults:5)
  20 bullfrogs
  3 elf zombies
  An earth elemental (Elf:1)
  3 cane toad simulacra
  A wyvern skeleton (D:9)
  5 spriggan zombies
  6 scorpions
  8 troll zombies
  9 killer bees
  A troll skeleton (Dis:7)
  A snapping turtle simulacrum (Coc:7)
  A polar bear skeleton (Crypt:1)
  197 wights
  A raiju skeleton (Crypt:1)
  8 electric eels
  2 spriggan skeletons
  4 howler monkeys
  9 crimson imps
  8 centaur zombies
  A bullfrog zombie (D:6)
  A human zombie (Dis:4)
  6 hounds
  8 centaur skeletons
  17 orc priests
  3 quasits
  An iguana (shapeshifter) (Vaults:5)
  4 jellies
  2 bullfrog skeletons
  2 human skeletons
  38 iron imps
  Natasha (thrice) (D:2)
  4 iguanas
  24 orc wizards
  28 worker ants
  An ogre zombie (Dis:5)
  2 naga zombies
  2 tengu zombies
  2 hound zombies
  31 mummies
  Robin (D:4)
  A howler monkey zombie (D:9)
  A worker ant zombie (D:5)
  9 gnolls
  16 adders
  12 shadow imps
  55 white imps
  An ooze (shapeshifter) (Vaults:5)
  3 ufetubi
  An iguana zombie (Crypt:1)
  2 adder skeletons
  3 adder zombies (Ossuary)
  4 worms
  3 dart slugs
  7 leopard geckos
  92 orcs
  6 ball pythons
  7 giant cockroaches
  2 gnoll zombies (Ossuary)
  18 goblins
  11 hobgoblins
  17 jackals
  7 quokkas
  4 bats
  8 frilled lizards
  8 goblin zombies (Ossuary)
  5 hobgoblin zombies (Ossuary)
  A jackal skeleton (D:7)
  4 jackal zombies (Ossuary)
  18 kobolds
  A kobold skeleton (Coc:6)
  3 kobold zombies
  A leopard gecko skeleton (D:4)
  A leopard gecko zombie (Crypt:1)
  6 orc zombies
  A quokka skeleton (D:5)
  2 quokka zombies (Ossuary)
  3 rats
  4 rat zombies (Ossuary)
  6 briar patches
  30 fire vortices (Geh:7)
  3 lurking horrors
  A pillar of salt (Dis:7)
  2 plants
  3 starspawn tentacles
  7 tentacles
  A withered plant (Swamp:3)
5679 creatures vanquished.

Vanquished Creatures (collateral kills)
  A water moccasin (Lair:6)
  A fungus (Lair:6)
  A plant (Lair:6)
3 creatures vanquished.

Vanquished Creatures (others)
  A shard shrike (Coc:5)
  A fire giant (Depths:2)
  An ironheart preserver (Vaults:5)
  An elemental wellspring (Coc:7)
  A deep elf demonologist (Elf:2)
  A deep elf annihilator (Depths:2)
  An ettin (Depths:5)
  A hydra (Swamp:4)
  An ogre mage (Depths:2)
  A deep elf knight (Elf:1)
  2 spriggans
  A cherub (Abyss:3)
  An ironbrand convoker (Vaults:5)
  An anaconda skeleton (Geh:7)
  A worldbinder (Abyss:3)
  A deep elf mage (D:15)
  A water nymph (shapeshifter) (Vaults:5)
  A hellion (Geh:7)
  A dire elephant skeleton (Geh:7)
  A hornet (Swamp:1)
  A hydra skeleton (Geh:6)
  A flying skull (Coc:2)
  A wraith (Coc:4)
  A shadow (Dis:1)
  A redback (Spider:3)
  A black mamba skeleton (Geh:7)
  A basilisk (shapeshifter) (Depths:2)
  A golden eye (shapeshifter) (Vaults:5)
  2 hell hounds
  A merfolk skeleton (Geh:7)
  An ice beast (Coc:2)
  A necrophage (Tar:7)
  An ogre (Vaults:4)
  A wight (Geh:4)
  An orc (Vaults:5)
  2 briar patches (Swamp:4)
  5 bushes (Elf:2)
  2 fire vortices (Geh:7)
  100 fungi
  A lurking horror (Abyss:5)
  2 pillars of salt (Dis:7)
  29 plants
  20 starspawn tentacles
  19 tentacles
  58 withered plants (Crypt:1)
275 creatures vanquished.

Grand Total: 5957 creatures vanquished

Notes
Turn   | Place    | Note
-------+----------+-------------------------------------------
     0 | D:1      | HoaS the Gargoyle Gladiator began the quest for the Orb.
     0 | D:1      | Reached XP level 1. HP: 12/12 MP: 1/1
    69 | D:1      | Reached XP level 2. HP: 18/18 MP: 2/2
   686 | D:2      | Reached XP level 3. HP: 17/22 MP: 3/3
   697 | D:2      | Noticed Natasha
   707 | D:2      | Killed Natasha
   707 | D:2      | Reached XP level 4. HP: 15/28 MP: 4/4
  1072 | D:2      | Noticed Natasha
  1079 | D:2      | Killed Natasha
  1179 | D:2      | Reached XP level 5. HP: 5/32 MP: 2/5
  1520 | D:2      | Reached skill level 5 in Staves
  1849 | D:2      | Noticed Natasha
  1855 | D:2      | Killed Natasha
  2003 | D:3      | Found a faded altar of an unknown god.
  2181 | D:3      | Reached XP level 6. HP: 26/38 MP: 4/6
  2275 | D:3      | Found a radiant altar of Vehumet.
  2709 | D:4      | Found a glowing drain.
  2730 | Sewer    | Entered a sewer
  3664 | D:4      | Noticed Robin
  3682 | D:4      | Killed Robin
  3682 | D:4      | Reached XP level 7. HP: 41/44 MP: 7/7
  3711 | D:4      | Noticed Eustachio
  3832 | D:4      | Killed Eustachio
  3832 | D:4      | Reached skill level 5 in Fighting
  3875 | D:4      | Found Bepsuogu's Assorted Antiques.
  4519 | D:5      | Entered Level 5 of the Dungeon
  4647 | D:5      | Noticed Blork the orc
  4661 | D:5      | Killed Blork the orc
  4661 | D:5      | Reached XP level 8. HP: 44/51 MP: 6/8
  5655 | D:6      | Reached XP level 9. HP: 53/57 MP: 7/9
  6074 | D:7      | Reached skill level 10 in Staves
  6285 | D:7      | Noticed Joseph
  6307 | D:7      | Killed Joseph
  6359 | D:7      | Found a staircase to the Ecumenical Temple.
  6368 | Temple   | Entered the Ecumenical Temple
  6536 | Temple   | Became a worshipper of Makhleb the Destroyer
  7051 | D:7      | Reached XP level 10. HP: 59/66 MP: 6/10
  7131 | D:8      | Found a sand-covered staircase.
  7136 | Ossuary  | Entered an ossuary
  7216 | Ossuary  | Reached * piety under Makhleb
  7403 | Ossuary  | Reached ** piety under Makhleb
  7606 | D:8      | Noticed an orange crystal statue
  8037 | D:8      | Noticed a two-headed ogre
  8048 | D:8      | Killed a two-headed ogre
  8266 | D:9      | Reached skill level 10 in Fighting
  8307 | D:9      | Noticed a centaur warrior
  8312 | D:9      | Noticed an ogre mage
  8645 | D:9      | Reached XP level 11. HP: 73/73 MP: 11/11
  8716 | D:9      | Reached *** piety under Makhleb
  8809 | D:9      | Killed a centaur warrior
  9013 | D:9      | Noticed Psyche
  9020 | D:9      | Killed Psyche
  9416 | D:10     | Entered Level 10 of the Dungeon
  9453 | D:9      | Reached **** piety under Makhleb
  9598 | D:10     | Killed an unseen horror
  9840 | D:10     | Found a staircase to the Lair.
  9856 | D:10     | Noticed a two-headed ogre
 10297 | D:10     | Noticed a two-headed ogre
 10312 | D:10     | Killed a two-headed ogre
 10434 | D:10     | Noticed a vault guard
 10448 | D:10     | Killed a vault guard
 10452 | D:10     | Found a portal to a secret trove of treasure.
 10666 | Lair:1   | Entered Level 1 of the Lair of Beasts
 10749 | Lair:1   | Noticed Grum
 10778 | Lair:1   | Reached XP level 12. HP: 82/84 MP: 9/12
 10792 | Lair:1   | Killed Grum
 10826 | Lair:1   | Noticed a thrashing horror
 10831 | Lair:1   | Noticed Ziuclaem's ghost (journeyman OpBr)
 10831 | Lair:1   | Noticed a tentacled starspawn
 10832 | Lair:1   | Identified the cursed +1 rapier "Xughufer" {distort,
                  | *Contam rC+ Int+3 Dex+8}
 10840 | Lair:1   | Found a one-way gate to the infinite horrors of the Abyss.
 10849 | Lair:1   | Found a transporter.
 11428 | Lair:1   | Found a transporter.
 11549 | Lair:2   | Noticed a four-headed hydra
 11581 | Lair:2   | Killed a four-headed hydra
 11581 | Lair:2   | Reached skill level 1 in Armour
 11768 | Lair:2   | Noticed a catoblepas
 11771 | Lair:2   | Noticed a six-headed hydra
 11785 | Lair:2   | Killed a six-headed hydra
 11801 | Lair:2   | Killed a catoblepas
 12085 | Lair:2   | Found a hole to the Spider Nest.
 12531 | Lair:3   | Found a runed translucent gate.
 12531 | Lair:3   | Found a runed translucent gate.
 12531 | Lair:3   | Found a runed translucent gate.
 12533 | Lair:3   | Noticed a ten-headed hydra
 12533 | Lair:3   | Noticed Siteim's ghost (journeyman MiAK)
 12677 | Lair:3   | Reached skill level 5 in Armour
 12998 | Lair:3   | Reached skill level 5 in Dodging
 13098 | Lair:3   | Reached XP level 13. HP: 78/91 MP: 11/13
 13150 | Lair:3   | Reached ***** piety under Makhleb
 13487 | Lair:3   | Noticed a dire elephant
 13540 | Lair:3   | Killed a dire elephant
 13692 | Lair:3   | Found a staircase to the Swamp.
 15122 | Lair:5   | Reached skill level 15 in Fighting
 15284 | Lair:5   | Noticed Urug
 15308 | Lair:5   | Killed Urug
 15455 | Lair:5   | Found a staircase to the Slime Pits.
 15455 | Lair:5   | Found a viscous altar of Jiyva.
 15464 | Lair:5   | Gained mutation: Your large and strong wings let you fly
                  | indefinitely. [Gargoyle growth]
 15464 | Lair:5   | Reached XP level 14. HP: 98/98 MP: 14/14
 16083 | Lair:6   | Entered Level 6 of the Lair of Beasts
 16290 | Lair:6   | Reached skill level 15 in Staves
 16779 | Lair:6   | Noticed Snorg
 16799 | Lair:6   | Killed Snorg
 16890 | Lair:6   | Reached skill level 10 in Armour
 17042 | Lair:6   | Identified a scroll of acquirement
 17042 | Lair:6   | Acquired a manual of Dodging
 17459 | Lair:6   | Reached ****** piety under Makhleb
 17811 | Lair:3   | Killed Siteim's ghost
 18518 | D:11     | You are sucked into a shaft and drop 2 floors!
 18550 | D:12     | Found Nijieshry's Weapon Boutique.
 18550 | D:12     | Found a staircase to the Orcish Mines.
 19235 | D:12     | Acquired a +2 lajatang of speed
 19245 | D:12     | Acquired 850 gold pieces
 19247 | D:12     | Acquired 600 gold pieces
 19342 | D:12     | Reached skill level 10 in Dodging
 19403 | D:12     | Reached XP level 15. HP: 103/103 MP: 13/15
 19679 | D:12     | Found the +5 scythe "Finisher" {speed, eviscerate}
 19966 | Orc:1    | Entered Level 1 of the Orcish Mines
 20227 | Orc:2    | Entered Level 2 of the Orcish Mines
 20227 | Orc:2    | Noticed Jorgrun
 20253 | Orc:2    | Killed Jorgrun
 20295 | Orc:2    | Found Ephobas's Distillery.
 20327 | Orc:2    | Bought a potion of might for 60 gold pieces
 20327 | Orc:2    | Bought a potion of might for 60 gold pieces
 20327 | Orc:2    | Bought 2 potions of curing for 90 gold pieces
 20327 | Orc:2    | Bought a potion of heal wounds for 75 gold pieces
 20346 | Orc:2    | Found a staircase to the Elven Halls.
 20586 | Orc:2    | Found Afaakk's Jewellery Boutique.
 20758 | Orc:2    | Found Gauruol's Distillery.
 20768 | Orc:2    | Found Imuvuoh's General Store.
 20787 | Orc:2    | Bought an uncursed ring of stealth for 210 gold pieces
 20788 | Orc:2    | Bought a +4 ring of evasion for 432 gold pieces
 20796 | Orc:2    | Found Tiovvaep's Book Boutique.
 20814 | Orc:2    | Bought 2 potions of haste for 260 gold pieces
 20814 | Orc:2    | Bought a potion of haste for 130 gold pieces
 20814 | Orc:2    | Bought a potion of invisibility for 104 gold pieces
 20814 | Orc:2    | Bought 2 potions of curing for 78 gold pieces
 20814 | Orc:2    | Bought a potion of haste for 130 gold pieces
 20814 | Orc:2    | Bought a potion of haste for 130 gold pieces
 20897 | Orc:1    | Noticed Maurice
 21012 | Orc:2    | Killed Maurice
 22574 | D:14     | Found a gate to the Vaults.
 22586 | D:14     | Reached XP level 16. HP: 101/110 MP: 16/16
 22930 | D:15     | Entered Level 15 of the Dungeon
 23232 | D:15     | Found a staircase to the Depths.
 24236 | Swamp:1  | Entered Level 1 of the Swamp
 24281 | Swamp:1  | Found a frozen archway.
 24285 | IceCv    | Entered an ice cave
 25091 | Swamp:1  | Reached XP level 17. HP: 116/116 MP: 17/17
 26263 | Swamp:2  | Reached skill level 15 in Armour
 26551 | Swamp:2  | Reached XP level 18. HP: 123/123 MP: 18/18
 26552 | Swamp:2  | Reached XP level 19. HP: 128/128 MP: 19/19
 27098 | Swamp:3  | Reached skill level 15 in Dodging
 27542 | Swamp:3  | Got a warped cloak
 27553 | Swamp:3  | Identified the cursed +0 cloak "Oqatyiz" {MR+} (You found
                  | it on level 3 of the Swamp)
 27851 | Swamp:4  | Entered Level 4 of the Swamp
 28472 | Swamp:4  | Reached XP level 20. HP: 136/136 MP: 20/20
 28611 | Swamp:4  | Got a decaying rune of Zot
 28958 | Spider:1 | Entered Level 1 of the Spider Nest
 29949 | Spider:1 | Noticed Frances
 29956 | Spider:1 | Killed Frances
 30307 | Spider:2 | Found a runed translucent door.
 31000 | Spider:2 | Noticed Ziunt's ghost (adept SpFi)
 31044 | Spider:2 | Killed Ziunt's ghost
 31370 | Lair:1   | Killed Ziuclaem's ghost
 33042 | Spider:4 | Entered Level 4 of the Spider Nest
 33395 | Spider:4 | Noticed Aizul
 33411 | Spider:4 | Killed Aizul
 33720 | Spider:4 | Reached XP level 21. HP: 142/142 MP: 0/21
 34091 | Spider:4 | Got a gossamer rune of Zot
 34444 | Elf:1    | Entered Level 1 of the Elven Halls
 34538 | Elf:1    | Noticed Kirke
 34620 | Elf:1    | Killed Kirke
 35606 | Elf:2    | Got a pair of encrusted boots
 35607 | Elf:2    | Identified the +2 pair of boots of the Hart {MR+ Regen+
                  | Dex+3 Slay+2} (You found it on level 2 of the Elven Halls)
 35902 | Elf:2    | Found a runed translucent gate.
 35907 | Elf:2    | Found a runed translucent gate.
 35907 | Elf:2    | Found a runed translucent gate.
 36099 | Elf:2    | Cast into level 2 of the Abyss (+1 scimitar of distortion)
 36260 | Abyss:2  | Gained mutation: You are dopey. (Int -2) [a cacodemon]
 36266 | Abyss:2  | Gained mutation: You tend to lose your temper in combat. [a
                  | cacodemon]
 36284 | Elf:2    | Escaped the Abyss
 36771 | Depths:1 | Entered Level 1 of the Depths
 36816 | Depths:1 | Acquired a +2 helmet of see invisible
 36829 | Depths:1 | Acquired a manual of Staves
 36841 | Depths:1 | Reached XP level 22. HP: 150/150 MP: 22/22
 36967 | Depths:1 | Found a gateway to Hell.
 37368 | Depths:1 | Found a runed translucent door.
 37371 | Depths:1 | Found a radiant altar of Vehumet.
 37371 | Depths:1 | Noticed an ancient lich
 37627 | Depths:1 | Found a gateway to a ziggurat.
 37905 | Vaults:1 | Entered Level 1 of the Vaults
 39323 | Vaults:1 | Found Qurittem's Assorted Antiques.
 39331 | Vaults:1 | Bought quicksilver dragon scales for 2280 gold pieces
 39605 | Vaults:2 | Reached XP level 23. HP: 157/157 MP: 23/23
 39708 | Vaults:2 | Noticed Margery
 39724 | Vaults:2 | Killed Margery
 40071 | Vaults:2 | Noticed Asterion
 40082 | Vaults:2 | Killed Asterion
 40203 | Vaults:2 | Noticed Mara
 40205 | Vaults:2 | Noticed HoaS's illusion
 40214 | Vaults:2 | Killed Mara
 41160 | Vaults:3 | Found a staircase to the Crypt.
 41387 | Vaults:3 | Cast into level 3 of the Abyss (vault warden)
 41518 | Abyss:3  | Found a glowing golden altar of the Shining One.
 41607 | Abyss:3  | Noticed a juggernaut
 41627 | Abyss:3  | Killed a juggernaut
 41631 | Abyss:3  | Got an abyssal rune of Zot
 41710 | Vaults:3 | Escaped the Abyss
 42118 | Vaults:3 | Reached XP level 24. HP: 164/166 MP: 23/23
 43781 | Vaults:4 | Noticed Frederick
 43789 | Vaults:4 | Killed Frederick
 44869 | Depths:2 | Noticed a juggernaut
 44906 | Depths:2 | Killed a juggernaut
 44906 | Depths:2 | Reached XP level 25. HP: 99/172 MP: 23/23
 45413 | Depths:2 | Identified the Compendium of Spatial Cold
 45423 | Depths:2 | Identified the Almanac of the Flying Snowflakes
 45639 | Depths:2 | Identified the +6 glaive "Geskaot" {flame, rPois rF+}
 45715 | Depths:2 | Acquired 1980 gold pieces
 45718 | Depths:2 | Found Zyasik's Antique Weapon Shoppe.
 46291 | Depths:3 | Got a pitted pewter amulet
 46315 | Depths:3 | Identified the amulet of Isiyngef {Inacc MR+} (You found it
                  | on level 3 of the Depths)
 46550 | Depths:3 | Found a one-way gate leading to the halls of Pandemonium.
 46559 | Depths:3 | Gained mutation: You often lose your temper in combat. [a
                  | cacodemon]
 47343 | Depths:4 | Paralysed by a floating eye for 4 turns
 47398 | Depths:4 | Reached XP level 26. HP: 180/180 MP: 23/23
 47499 | Depths:4 | Found a shimmering altar of Xom.
 47578 | Depths:4 | Got a slimy bone ring
 47579 | Depths:4 | Identified the ring of Zaoc {rF+ Str+6 Int+6 Dex-4} (You
                  | found it on level 4 of the Depths)
 47592 | Depths:4 | Paralysed by a floating eye for 2 turns
 47602 | Depths:4 | Paralysed by a floating eye for 3 turns
 47648 | Depths:4 | Found an ornate altar of the Wu Jian Council.
 47698 | Depths:4 | Paralysed by a floating eye for 2 turns
 47744 | Depths:4 | Got a faintly glowing tin ring
 47745 | Depths:4 | Identified the ring "Idais" {+Fly rN+ Str+9} (You found it
                  | on level 4 of the Depths)
 47787 | Depths:4 | Found a blossoming altar of Fedhas.
 47874 | Depths:4 | Got a wavering granite ring
 47907 | Depths:4 | Identified the ring "Lygim" {+Fly rF+ Str+6 Int+3} (You
                  | found it on level 4 of the Depths)
 48360 | Depths:5 | Entered Level 5 of the Depths
 48586 | Depths:5 | Found a flickering gateway to a bazaar.
 48592 | Bazaar   | Entered a bazaar
 48592 | Bazaar   | Found Puozedur's Antique Armour Boutique.
 48592 | Bazaar   | Found Zegal's Armour Shoppe.
 48592 | Bazaar   | Found Lyrow's Antique Weapon Shop.
 48594 | Bazaar   | Found Ilashaew's Magic Scroll Emporium.
 48618 | Bazaar   | Bought a scroll of teleportation for 30 gold pieces
 48618 | Bazaar   | Bought a scroll of enchant weapon for 75 gold pieces
 48618 | Bazaar   | Bought a scroll of enchant armour for 75 gold pieces
 48618 | Bazaar   | Bought a scroll of teleportation for 30 gold pieces
 48618 | Bazaar   | Bought a scroll of acquirement for 520 gold pieces
 48618 | Bazaar   | Bought a scroll of enchant weapon for 75 gold pieces
 48658 | Depths:5 | Acquired 860 gold pieces
 48660 | Depths:5 | Acquired the +2 cloak of the Desolation of Salt {+Blink MR+
                  | rCorr Slay+2}
 49333 | Depths:5 | Found a gate to the Realm of Zot.
 49816 | Vaults:5 | Entered Level 5 of the Vaults
 49922 | Vaults:4 | Reached XP level 27. HP: 164/186 MP: 23/23
 50107 | Vaults:5 | Noticed Jory
 50470 | Vaults:5 | Killed Jory
 50620 | Vaults:5 | Identified the +9 morningstar "Kugitypi" {vorpal, rPois
                  | rF+}
 50736 | Vaults:5 | Identified the ring "Ujied" {MP+9 Dex+3}
 51103 | Vaults:5 | Got a silver rune of Zot
 51571 | Vaults:5 | Identified the Grimoire of Dark Arts
 51678 | Vaults:5 | Identified the +6 flail of Prudence {vorpal, rPois Dex+3}
 51678 | Vaults:5 | Noticed Boris
 51687 | Vaults:5 | Killed Boris
 52207 | Temple   | Fell from the grace of Makhleb
 52207 | Temple   | Became a worshipper of Zin the Law-Giver
 52207 | Temple   | Reached * piety under Zin
 52207 | Temple   | Reached ** piety under Zin
 52208 | Temple   | Donated 3833 gold pieces to Zin
 52238 | Temple   | Reached *** piety under Zin
 52405 | Vaults:1 | Reached **** piety under Zin
 52469 | Crypt:1  | Entered Level 1 of the Crypt
 52489 | Crypt:1  | Reached ***** piety under Zin
 52721 | Crypt:1  | Found a magical portal.
 52726 | WizLab   | Entered Cigotuvi's Fleshworks
 52730 | WizLab   | Reached ****** piety under Zin
 52824 | Crypt:1  | Lost mutation: You are dopey. (Int -2) [potion of mutation]
 52824 | Crypt:1  | Lost mutation: You often lose your temper in combat.
                  | [potion of mutation]
 52824 | Crypt:1  | Lost mutation: You tend to lose your temper in combat.
                  | [potion of mutation]
 53104 | Crypt:1  | Noticed an ancient lich
 53128 | Crypt:1  | Killed an ancient lich
 54087 | Crypt:2  | Noticed Boris
 54103 | Crypt:2  | Killed Boris
 54366 | Crypt:2  | Found a runed translucent gate.
 54367 | Crypt:2  | Found a runed translucent gate.
 54367 | Crypt:2  | Found a runed translucent gate.
 54368 | Crypt:2  | Noticed Bodyips's ghost (legendary DETm)
 54369 | Crypt:2  | Noticed Nafoal's ghost (adept GrFi)
 54391 | Crypt:2  | Killed Nafoal's ghost
 54406 | Crypt:2  | Killed Bodyips's ghost
 54589 | Crypt:3  | Entered Level 3 of the Crypt
 54982 | Crypt:3  | Found the +7 great mace "Undeadhunter" {disrupt, rN+}
 55655 | Crypt:3  | Acquired a +0 pair of boots of running
 55864 | Crypt:3  | Found a staircase to the Tomb.
 55866 | Crypt:3  | Noticed an ancient lich
 55874 | Crypt:3  | Killed an ancient lich
 55925 | Crypt:3  | Noticed an ancient lich
 55935 | Crypt:3  | Killed an ancient lich
 56195 | Crypt:3  | Identified the ring "Zosof" {rN+ Str+2}
 56196 | Crypt:3  | Identified the ring of Makhleb's Regard {rF- rN+ MR+ Int+3}
 56509 | Hell     | Entered the Vestibule of Hell
 56509 | Hell     | Noticed Geryon
 58377 | Hell     | Killed Geryon
 58784 | D:10     | You paid a toll of the horn of Geryon to enter a treasure
                  | trove
 58785 | Trove    | Entered a treasure trove
 58788 | Trove    | Found the amulet of the Four Winds {rN+ MR+++ Clar}
 58794 | Trove    | Got a flickering bronze ring
 58798 | Trove    | Got a shimmering steel ring
 58800 | Trove    | Got a wavering bronze ring
 58802 | Trove    | Got a shimmering silver ring
 58806 | Trove    | Got a faintly glowing iron ring
 58813 | Trove    | Identified the ring "Kuawn" {rN+ Str+4} (You found it in a
                  | treasure trove)
 58814 | Trove    | Identified the ring of Reriwkul {rElec rN+ AC+4} (You found
                  | it in a treasure trove)
 58815 | Trove    | Identified the ring of the Six Spines {*Drain rElec rN+
                  | Int+3 Dex+2} (You found it in a treasure trove)
 58816 | Trove    | Identified the ring of Seuwn {rN+++ MR- Str+3 Int+4 Stlth+}
                  | (You found it in a treasure trove)
 58819 | Trove    | Identified the cursed ring "Wineivy" {rPois rC- MP+9 Int-4
                  | Dex+6} (You found it in a treasure trove)
 58842 | Trove    | Got a crude ivory ring
 58847 | Trove    | Got an ancient amber ring
 58849 | Trove    | Got a slimy bronze amulet
 58851 | Trove    | Got a coiled golden ring
 58858 | Trove    | Identified the ring "Gastrisio" {AC+4 Str+2} (You found it
                  | in a treasure trove)
 58867 | Trove    | Identified the ring "Jerum" {rF+ Str-3 Dex+7} (You found it
                  | in a treasure trove)
 58870 | Trove    | Identified the ring of Suspected Treachery {AC+4 Str-3
                  | Int+5 SInv} (You found it in a treasure trove)
 58873 | Trove    | Identified the amulet of Gaajoxov {Reflect rN+ Int+2 SH+5}
                  | (You found it in a treasure trove)
 59189 | Hell     | Found a gateway to the freezing wastes of Cocytus.
 60144 | Hell     | Cast into level 2 of the Abyss (reaper)
 60155 | Hell     | Escaped the Abyss
 60529 | Hell     | Found a gateway to the Iron City of Dis.
 60634 | Hell     | Found a gateway to the ashen valley of Gehenna.
 60742 | Hell     | Found a gateway to the decaying netherworld of Tartarus.
 60879 | Depths:1 | Killed an ancient lich
 60888 | Depths:1 | Identified the Reference Book on Conjuration
 61142 | Elf:3    | Entered Level 3 of the Elven Halls
 61206 | Elf:3    | Was forgiven by Makhleb
 62354 | Elf:3    | Identified the +7 hand axe "Iwosotue" {vorpal, *Noise rN+
                  | MP+9 SInv}
 63174 | Elf:3    | Identified the +4 war axe "Pifeuqul" {venom, rF++ Str+4
                  | Int+3}
 63212 | Elf:3    | Found the +6 lightning scales {run, rElec}
 63220 | Elf:3    | Got a coiled amber ring
 63222 | Elf:3    | Identified Sif Muna's Almanac of the Volcanoes and Air
 63252 | Elf:3    | Identified the ring of Raky Imo {Wiz +Fly rC++ MR+ Stlth-}
                  | (You found it on level 3 of the Elven Halls)
 63259 | Elf:3    | Identified the Almanac of Earthen Venom
 63733 | Zot:1    | Entered Level 1 of the Realm of Zot
 65469 | Zot:2    | Found a transporter.
 65470 | Zot:2    | Found the +0 mask of the Dragon {MR+ Slay+3 SInv}
 65493 | Zot:2    | Found a transporter.
 67036 | Zot:3    | Identified the +4 dragonskin cloak
 67036 | Zot:3    | Noticed Tiamat
 67268 | Zot:3    | Killed Tiamat
 69456 | Zot:5    | Entered Level 5 of the Realm of Zot
 70068 | Zot:5    | Noticed an ancient lich
 70070 | Zot:5    | Noticed an ancient lich
 70083 | Zot:5    | Killed an ancient lich
 70091 | Zot:5    | Killed an ancient lich
 70144 | Zot:5    | Noticed an orb of fire
 70174 | Zot:5    | Killed an orb of fire
 70843 | Coc:1    | Entered Level 1 of Cocytus
 76102 | Coc:5    | Reached skill level 27 in Fighting
 76772 | Coc:5    | Reached skill level 27 in Armour
 78685 | Coc:6    | Found a huge runed gate.
 78685 | Coc:6    | Found a huge runed gate.
 78685 | Coc:6    | Found a huge runed gate.
 78686 | Coc:6    | Found a huge runed gate.
 78690 | Coc:6    | Found a huge runed gate.
 78691 | Coc:6    | Found a huge runed gate.
 78693 | Coc:6    | Found a huge runed gate.
 78696 | Coc:6    | Found a huge runed gate.
 78698 | Coc:6    | Found a huge runed gate.
 78700 | Coc:6    | Found a huge runed gate.
 78701 | Coc:6    | Found a huge runed gate.
 78734 | Coc:6    | Found a huge runed gate.
 78734 | Coc:6    | Found a huge runed gate.
 78734 | Coc:6    | Found a huge runed gate.
 78734 | Coc:6    | Found a huge runed gate.
 78739 | Coc:6    | Found a huge runed gate.
 78770 | Coc:6    | Found a huge runed gate.
 79373 | Coc:6    | Found a huge runed gate.
 79383 | Coc:6    | Found a huge runed gate.
 79383 | Coc:6    | Found a huge runed gate.
 79383 | Coc:6    | Found a huge runed gate.
 79383 | Coc:6    | Found a huge runed gate.
 79383 | Coc:6    | Found a huge runed gate.
 79383 | Coc:6    | Found a huge runed gate.
 79384 | Coc:6    | Found a huge runed gate.
 79385 | Coc:6    | Found a huge runed gate.
 79395 | Coc:6    | Found a huge runed gate.
 79395 | Coc:6    | Found a huge runed gate.
 79395 | Coc:6    | Found a huge runed gate.
 79395 | Coc:6    | Found a huge runed gate.
 79395 | Coc:6    | Found a huge runed gate.
 79395 | Coc:6    | Found a huge runed gate.
 80022 | Coc:6    | Reached skill level 27 in Staves
 80302 | Coc:7    | Entered Level 7 of Cocytus
 81756 | Coc:7    | Identified the ring of the King {+Blink MR+}
 81756 | Coc:7    | Noticed Antaeus
 81810 | Coc:7    | Killed Antaeus
 82108 | Coc:7    | Reached skill level 27 in Dodging
 82108 | Coc:7    | Reached skill level 1 in Invocations
 82114 | Coc:7    | Reached skill level 1 in Evocations
 82242 | Coc:7    | Noticed the Serpent of Hell
 82279 | Coc:7    | Killed the Serpent of Hell
 82279 | Coc:7    | Reached skill level 5 in Invocations
 83121 | Coc:7    | Reached skill level 5 in Evocations
 83502 | Coc:7    | Got an icy rune of Zot
 83547 | Coc:7    | Identified the cursed +1 chain mail of Ytuadu {rElec Dex+3}
                  | (You found it on level 7 of Cocytus)
 83864 | Zot:2    | Reached skill level 10 in Invocations
 84425 | Depths:5 | Voluntarily entered the Abyss.
 84768 | Abyss:2  | Found a corrupted altar of Lugonu.
 85229 | Abyss:3  | Identified the +5 tower shield of Kikubaaqudgha's Anger
                  | {rCorr}
 85305 | Abyss:4  | Found an ornate altar of the Wu Jian Council.
 85305 | Abyss:4  | Found a corrupted altar of Lugonu.
 85340 | Abyss:5  | Entered Level 5 of the Abyss
 85340 | Abyss:5  | Found a corrupted altar of Lugonu.
 85347 | Abyss:5  | Got a glittering turquoise ring
 85776 | Abyss:5  | Found a corrupted altar of Lugonu.
 85826 | Abyss:5  | Reached skill level 1 in Stealth
 86167 | Abyss:5  | Reached skill level 5 in Stealth
 86449 | Depths:5 | Escaped the Abyss
 86698 | Tar:1    | Entered Level 1 of Tartarus
 87479 | Tar:1    | Reached skill level 10 in Evocations
 87618 | Tar:1    | Reached skill level 10 in Stealth
 87789 | Tar:1    | Reached skill level 15 in Invocations
 90197 | Tar:4    | You are sucked into a shaft and drop 1 floor!
 91367 | Tar:6    | Reached skill level 15 in Stealth
 92150 | Tar:7    | Entered Level 7 of Tartarus
 94066 | Tar:7    | Noticed Ereshkigal
 94917 | Tar:7    | Killed Ereshkigal
 95075 | Tar:7    | Got a bone rune of Zot
 95523 | Dis:1    | Entered Level 1 of the Iron City of Dis
 95625 | Dis:1    | Found a huge runed gate.
 95625 | Dis:1    | Found a huge runed gate.
 95627 | Dis:1    | Found a huge runed gate.
 95628 | Dis:1    | Found a huge runed gate.
 95628 | Dis:1    | Found a huge runed gate.
 96012 | Dis:1    | Cast into level 2 of the Abyss (skeletal warrior)
 96029 | Dis:1    | Escaped the Abyss
 96205 | Dis:1    | Found a huge runed gate.
 96205 | Dis:1    | Found a huge runed gate.
 96206 | Dis:1    | Found a huge runed gate.
 96206 | Dis:1    | Found a huge runed gate.
 96206 | Dis:1    | Found a huge runed gate.
 96206 | Dis:1    | Found a huge runed gate.
 96224 | Dis:1    | Found a huge runed gate.
 96224 | Dis:1    | Found a huge runed gate.
 96224 | Dis:1    | Found a huge runed gate.
 96224 | Dis:1    | Found a huge runed gate.
 96224 | Dis:1    | Found a huge runed gate.
 96224 | Dis:1    | Found a huge runed gate.
 96225 | Dis:1    | Found a huge runed gate.
 96226 | Dis:1    | Found a huge runed gate.
 96259 | Dis:1    | Found a huge runed gate.
 96260 | Dis:1    | Found a huge runed gate.
 96263 | Dis:1    | Found a huge runed gate.
 96263 | Dis:1    | Found a huge runed gate.
 96263 | Dis:1    | Found a huge runed gate.
 96269 | Dis:1    | Found a huge runed gate.
 96269 | Dis:1    | Found a huge runed gate.
 96270 | Dis:1    | Found a huge runed gate.
 97514 | Dis:2    | You are sucked into a shaft and drop 2 floors!
 97883 | Dis:4    | Identified the ring "Jejair" {rPois rF+ MR+} (You found it
                  | on level 5 of the Abyss)
100420 | Dis:6    | Noticed a greater mummy
100445 | Dis:6    | Killed a greater mummy
101045 | Dis:6    | Noticed a greater mummy
101067 | Dis:6    | Noticed a greater mummy
101071 | Dis:6    | Killed a greater mummy
101106 | Dis:6    | Killed a greater mummy
101833 | Dis:7    | Entered Level 7 of the Iron City of Dis
103030 | Dis:7    | Reached skill level 15 in Evocations
104509 | Dis:7    | Reached skill level 27 in Stealth
104883 | Dis:7    | Found the +4 dagger "Morg" {pain, MR+ Int+5}
104918 | Dis:7    | Identified the +6 plate armour of Vuonenag {rC+} (You found
                  | it on level 7 of the Iron City of Dis)
105434 | Dis:7    | Identified the +4 staff of Dispater
105434 | Dis:7    | Noticed Dispater
105972 | Dis:7    | Killed Dispater
106001 | Dis:7    | Got an iron rune of Zot
106581 | Zot:5    | Noticed an ancient lich
106590 | Zot:5    | Killed an ancient lich
106590 | Zot:5    | Reached skill level 5 in Throwing
106872 | Zot:5    | Noticed an orb of fire
108130 | Geh:1    | Entered Level 1 of Gehenna
108504 | D:12     | Bought 6 silver javelins for 158 gold pieces
113291 | Geh:4    | Found a huge runed gate.
113292 | Geh:4    | Found a huge runed gate.
113292 | Geh:4    | Found a huge runed gate.
113292 | Geh:4    | Found a huge runed gate.
113292 | Geh:4    | Found a huge runed gate.
113292 | Geh:4    | Found a huge runed gate.
113292 | Geh:4    | Found a huge runed gate.
113293 | Geh:4    | Found a huge runed gate.
113294 | Geh:4    | Found a huge runed gate.
113294 | Geh:4    | Found a huge runed gate.
113294 | Geh:4    | Found a huge runed gate.
113294 | Geh:4    | Found a huge runed gate.
113295 | Geh:4    | Found a huge runed gate.
113295 | Geh:4    | Found a huge runed gate.
113296 | Geh:4    | Found a huge runed gate.
113296 | Geh:4    | Found a huge runed gate.
113304 | Geh:4    | Found a huge runed gate.
113304 | Geh:4    | Found a huge runed gate.
113304 | Geh:4    | Found a huge runed gate.
113304 | Geh:4    | Found a huge runed gate.
113304 | Geh:4    | Found a huge runed gate.
113304 | Geh:4    | Found a huge runed gate.
113663 | Geh:4    | Reached skill level 10 in Throwing
113699 | Geh:4    | Found a huge runed gate.
113705 | Geh:4    | Found a huge runed gate.
113706 | Geh:4    | Found a huge runed gate.
113709 | Geh:4    | Found a huge runed gate.
113709 | Geh:4    | Found a huge runed gate.
113709 | Geh:4    | Found a huge runed gate.
113709 | Geh:4    | Found a huge runed gate.
113709 | Geh:4    | Found a huge runed gate.
116228 | Geh:6    | Noticed an ancient lich
116231 | Geh:6    | Killed an ancient lich
116409 | Geh:7    | Entered Level 7 of Gehenna
118665 | Geh:7    | Identified the +7 sceptre of Asmodeus
118665 | Geh:7    | Noticed Asmodeus
118881 | Geh:7    | Found the cursed +14 obsidian axe {vorpal, +Fly SInv
                  | *Curse}
118922 | Geh:7    | Got a twitching granite ring
118924 | Geh:7    | Identified the ring "Pysaycogg" {rF+ MP+9} (You found it on
                  | level 7 of Gehenna)
119121 | Geh:7    | HP: 2/199 [Asmodeus/the +7 sceptre of Asmodeus (21)]
119122 | Geh:7    | Zin protects you from harm!
119652 | Geh:7    | Killed Asmodeus
119695 | Geh:7    | Got an obsidian rune of Zot
120328 | Tomb:1   | Entered Level 1 of the Tomb of the Ancients
120808 | Tomb:1   | Noticed a greater mummy
120823 | Tomb:1   | Killed a greater mummy
122832 | Tomb:1   | Noticed a greater mummy
122848 | Tomb:1   | Killed a greater mummy
123072 | Tomb:1   | Noticed a greater mummy
123282 | Tomb:1   | Killed a greater mummy
123424 | Tomb:2   | Noticed a greater mummy
123425 | Tomb:2   | Noticed a greater mummy
123426 | Tomb:2   | Noticed a greater mummy
123426 | Tomb:2   | Noticed Boris
123426 | Tomb:2   | Noticed a greater mummy
123445 | Tomb:2   | Killed a greater mummy
123447 | Tomb:2   | HP: 9/199 [greater mummy/divine providence (17)]
123489 | Tomb:2   | HP: 2/199 [bennu (11)]
123489 | Tomb:2   | Mangled by a bennu

Illustrated notes

Levels and vault maps discovered:
D:1:      lemuel_arrival_behind_the_door_small, layout_loops_ring
D:2:      layout_basic, uniq_natasha
D:3:      layout_loops_ring, fiery_altar_vehumet,
          chequers_ecumenical_altar_simple_redux, minmay_crystal_water
D:4:      layout_basic, portal_sewer_entry_f, serial_shops, shop,
          uniq_eustachio, uniq_robin
D:5:      layout_basic, first_ration, uniq_blork_the_orc
D:6:      layout_gridville, minmay_quadrilaterals
D:7:      layout_rooms, minmay_temple_entry_grid, serial_glass, glass_columns_b,
          glass_columns_b, minmay_manual_moon, uniq_joseph
D:8:      minmay_statue_hallways, layout_gridville, enter_ossuary_5
D:9:      minmay_the_grid_octo_tiled_octocenter [minmay_the_grid_octo_chip,
          minmay_the_grid_octo_concentric, minmay_the_grid_octo_thin_diamonds,
          minmay_the_grid_octo_toaster,
          minmay_the_grid_octo_prize_square_snowflake,
          minmay_the_grid_square_5x5_corner,
          minmay_the_grid_square_5x5_pentomino_r,
          minmay_the_grid_square_5x5_hollow_slash,
          minmay_the_grid_square_5x5_three_small], layout_irregular_city,
          uniq_psyche
D:10:     layout_irregular_city, lair_entry_dummy, enter_trove_5,
          blue_anna_alchemist [blue_anna_fruit_fields, blue_anna_fruit_fields],
          minmay_misc_feat_chi
D:11:     layout_irregular_city
D:12:     layout_roguey, orc_david_3, minmay_guarded_unrand_finisher
D:13:     layout_roguey [special_room_orc]
D:14:     layout_basic, skrybe_vaults_entry_preservation, grunt_decor_clamped,
          st_stairs_7
D:15:     grunt_enter_depths_magical_seal, layout_rooms, nrook_pool_corridor,
          hangedman_decor_push
Temple:   kilobyte_greek_temple
Lair:1:   layout_cellular_growth, gammafunk_ghost_abyssal_escape, uniq_grum
Lair:2:   layout_gridlike, spider_nest_entry_web_field,
          hangedman_lair_generics_rect, grunt_megastairs_2
Lair:3:   mu_elephants_graveyard, layout_chaotic_city, minmay_swamp_entry_worms,
          gammafunk_ghost_hydra_chop, grunt_forest_stairs_basic,
          kennysheep_basilisk_garden
Lair:4:   layout_cave_pods, lemuel_fruit_tree, infiniplex_staircase_pool_2
Lair:5:   layout_cave_pods, slime_altar_1, uniq_urug
Lair:6:   hangedman_lair_tendril_chambers, layout_gridlike,
          serial_bayou_lagoon_b, uniq_snorg
Swamp:1:  layout_falls_marsh, portal_ice_cave_entry_pillars_1,
          nicolae_swamp_rocky_clearing
Swamp:2:  layout_basic_swamp, nicolae_swamp_dense_foliage,
          nicolae_swamp_fairy_circle, swamp_pool5, infiniplex_staircase_pool
Swamp:3:  cheibrodos_swamp_mausoleum, layout_basic_swamp,
          hangedman_swamp_diagram
Swamp:4:  swamp, layout_basic_swamp
Spider:1: layout_spider_delve, minivault_29, uniq_frances
Spider:2: layout_spider_delve, gammafunk_ghost_grave, drop_trap
Spider:3: layout_spider_delve, spiders_nest_the_unseen
Spider:4: spider_rune_water, guppyfry_spider_mini_2, uniq_aizul
Orc:1:    layout_caves, uniq_maurice
Orc:2:    st_orc_elflike, layout_diamond_mine, serial_shops, shop, uniq_jorgrun
Elf:1:    elf_arrival_002, layout_gridlike, hangedman_elf_represent, uniq_kirke
Elf:2:    layout_geoelf_octagon
Elf:3:    minmay_elf_hall_dome, layout_geoelf_castle, lemuel_statue_altar
Vaults:1: vaults_mumra_minichess, ontoclasm_vaults_hangar, vaults_mumra_chevron,
          hangedman_vaults_river_flow, st_check, v_misc_26,
          ontoclasm_vaults_eye, nicolae_vaults_big_ls,
          ontoclasm_vaults_ligature, v_misc_2, nicolae_vaults_little_ls,
          vaults_room_ringed_pool, v_misc_24, layout_vaults_maze_bifur,
          serial_shops, nicolae_shop_waterfront
Vaults:2: vaults_dpeg_hooks, nicolae_vaults_network_star, vaults_dpeg_doors,
          ontoclasm_vaults_chip, hangedman_vaults_snaps,
          hangedman_vaults_corner, vaults_standard_mumra_enter_the_diamond,
          ontoclasm_vaults_shuriken, ontoclasm_vaults_chip,
          layout_vaults_quadrants, uniq_asterion, uniq_mara, uniq_margery
Vaults:3: ontoclasm_vaults_bender, v_alt_pattern_2, hangedman_vaults_restitches,
          hangedman_vaults_capsules, nicolae_vaults_shelves_hall,
          minmay_crypt_entry_simple_statues, nicolae_vaults_diagonal_hallway_9,
          ontoclasm_vaults_idyll, nicolae_vaults_network_periphery,
          ontoclasm_vaults_hangar, v_misc_27, ontoclasm_vaults_gateway,
          layout_vaults_chaotic_city
Vaults:4: v_misc_32, hangedman_vaults_stream, vaults_mumra_bighexcomb,
          nicolae_vaults_disjoint_gnomons, v_misc_33,
          nicolae_vaults_little_squares_6, v_misc_9, ontoclasm_vaults_fault,
          nicolae_vaults_little_squares_1, nicolae_vaults_network_s,
          vaults_dpeg_ring, ontoclasm_vaults_ring_square, layout_vaults_omnibox,
          uniq_frederick
Vaults:5: uniq_boris, uniq_jory
Crypt:1:  layout_rooms, mu_enter_wizlab_1, lemuel_dead_fish_pool, minivault_25,
          st_shrine_of_skulls
Crypt:2:  layout_misc_corridors, gammafunk_ghost_cemetery, item_on_display_a,
          roderic_lattice_octagonal_star
Crypt:3:  quadcrypt_mu
Tomb:1
Tomb:2
Depths:1: layout_cave_shapes, enter_ziggurat_f, hell_entry, serial_rivers,
          chequers_serial_rivers_micro_a, chequers_serial_rivers_micro_a,
          chequers_serial_rivers_room_a, chequers_serial_rivers_large_a,
          grunt_absolute_annihilation
Depths:2: kennysheep_large_vault, layout_basic, hell_entry,
          hangedman_glass_teeth, serial_shops, shop, hex_intersection
Depths:3: evilmike_horseshoe, layout_basic, hangedman_abyss_or_decor_clamps,
          pf_dread_powers_of_hell, grunt_pan_entry_sceptre,
          infiniplex_staircase_diamond
Depths:4: hangedman_spin_cycle, abyss_entry, hell_entry
Depths:5: grunt_bruiser_brothers, layout_basic, abyss_entry_small_statue_room,
          serial_shops, bzr_entry_safe, grunt_hell_entry_dis_mu
Hell
Dis:1:    layout_jigsaw, not_door_vault_due
Dis:2:    layout_chaotic_city
Dis:4:    layout_chaotic_city
Dis:5:    layout_regular_city
Dis:6:    lemuel_mystery_crypt, layout_gridville, hangedman_dis_chains
Dis:7:    iron_city_of_dis [dis_old, dis_wall_1], layout_chaotic_city
Geh:1:    layout_gehenna_pools_box
Geh:2:    layout_gehenna_pools_triple
Geh:3:    layout_gehenna_pools_basic, nicolae_geh_sunburst,
          hangedman_hellfire_club
Geh:4:    layout_gehenna_lava_caves, not_door_vault_due
Geh:5:    layout_gehenna_pools_triple, hangedman_generic_boss_arena
Geh:6:    layout_gehenna_pools_basic
Geh:7:    evilmike_geh
Coc:1:    layout_cocytus_water_paths
Coc:2:    layout_ice_bergs
Coc:3:    layout_ice_bergs
Coc:4:    layout_cocytus_water_paths
Coc:5:    layout_ice_bergs
Coc:6:    layout_ice_bergs, door_vault
Coc:7:    coc_mu
Tar:1:    layout_catacombs
Tar:2:    layout_cathedral_of_symmetry
Tar:3:    layout_catacombs, nicolae_tar_cuneiform_sun
Tar:4:    layout_grid_maze, nicolae_tar_cuneiform_three
Tar:5:    layout_catacombs
Tar:6:    layout_grid_maze
Tar:7:    tar_minmay_river
Zot:1:    nicolae_zot_stationary_front, layout_onion_interference
Zot:2:    layout_misc_corridors, chequers_guarded_unrand_mask_of_the_dragon
Zot:3:    layout_basic, uniq_tiamat
Zot:4:    layout_cathedral_of_symmetry, hangedman_zot_decor_slant,
          grunt_ministairs_12, lemuel_elevator
Zot:5:    layout_basic

Skill      XL: |  1  2  3  4  5  6  7  8  9 10 11 12 13 14 15 16 17 18 19 20 21 22 23 24 25 26 27 |
---------------+----------------------------------------------------------------------------------+-----
Staves         | 4 5 6 7 9 11 13 14 15 16 17 18 20 21 22 27 | 27.0
Fighting       | 3 4 5 7 9 10 13 14 15 16 17 18 19 20 21 22 27 | 27.0
Armour         | 5 8 11 12 14 15 16 17 18 19 20 21 22 27 | 27.0
Dodging        | 5 7 10 12 14 15 16 17 18 19 20 21 27 | 27.0
Invocations    | 25 | 25.1
Evocations     | 18 | 18.8
Stealth        | 27 | 27.0
Throwing       | 13 | 13.0

Action                   |  1- 3 |  4- 6 |  7- 9 | 10-12 | 13-15 | 16-18 | 19-21 | 22-24 | 25-27 || total
-------------------------+-------+-------+-------+-------+-------+-------+-------+-------+-------++-------
Melee: Quarterstaff      |    50 |   313 |   515 |  1147 |  1454 |    53 |    69 |       |       ||  3601
       Lajatang          |       |       |       |       |   640 |   896 |  2230 |  2158 | 15297 || 21221
       Unarmed           |       |       |       |       |    24 |       |       |       |       ||    24
Throw: Throwing net      |       |     2 |     3 |     2 |     1 |       |       |       |       ||     8
       Javelin           |       |       |       |       |     1 |       |       |       |       ||     1
Invok: Recite            |       |       |       |       |       |       |       |       |     3 ||     3
       Vitalisation      |       |       |       |       |       |       |       |       |     2 ||     2
       Donate Gold       |       |       |       |       |       |       |       |       |     1 ||     1
 Abil: Fly               |       |       |       |       |     1 |       |       |     1 |     4 ||     6
       Stop Flying       |       |       |       |       |       |       |     1 |     1 |     3 ||     5
       Evoke Blink       |       |       |       |       |       |       |       |       |     2 ||     2
Evoke: Wand              |       |       |     2 |     4 |     1 |       |       |     1 |     5 ||    13
  Use: Scroll            |     4 |     6 |     8 |    12 |    15 |     4 |     9 |     4 |    54 ||   116
       Potion            |       |       |       |     3 |     4 |     2 |     1 |       |    38 ||    48
 Stab: Held in net/web   |       |     1 |     3 |     3 |     1 |       |       |       |       ||     8
       Petrifying        |       |       |       |     4 |       |       |       |       |       ||     4
       Invisible         |       |       |       |       |     3 |       |       |       |       ||     3
       Confused          |       |       |       |       |       |       |     3 |       |    13 ||    16
       Sleeping          |       |       |       |       |       |       |       |       |   139 ||   139
       Distracted        |       |       |       |       |       |       |       |       |    47 ||    47
  Eat: Ration            |       |     3 |     3 |     5 |     7 |     4 |     8 |     6 |    59 ||    95
Armor: Leather armour    |    20 |    11 |       |       |       |       |       |       |       ||    31
       Ring mail         |       |    21 |       |       |       |       |       |       |       ||    21
       Plate armour      |       |   107 |   384 |   673 |  1357 |   561 |  1070 |   135 |       ||  4287
       Chain mail        |       |    14 |       |       |       |       |       |       |       ||    14
       Skin              |       |       |     2 |       |     1 |       |       |       |       ||     3
       Acid dragon scale |       |       |       |   120 |       |       |       |       |       ||   120
       Quicksilver drago |       |       |       |       |       |       |       |   202 |  2384 ||  2586
       Shadow dragon sca |       |       |       |       |       |       |       |       |  2031 ||  2031
Dodge: Dodged            |    25 |   115 |   146 |   324 |   810 |   728 |  1894 |  1303 | 14144 || 19489
Block: Other             |       |       |       |       |    43 |   211 |   439 |   257 |   659 ||  1609
       Reflection        |       |       |       |       |     4 |     7 |    11 |    22 |    23 ||    67

Table legend:
 A = Non-vault XP
 B = Vault XP
 C = Vault XP percentage of total XP
 D = Non-vault monster count
 E = Vault monster count
 F = Vault count percentage of total count
                 A         B        C        D         E       F
            +---------+---------+-------+---------+---------+-------
      Total | 2372453 | 1579945 |  40.0 |    4001 |    1609 |  28.7
            +---------+---------+-------+---------+---------+-------
        D:1 |      30 |       0 |   0.0 |      16 |       0 |   0.0
        D:2 |     177 |      36 |  16.9 |      25 |       1 |   3.8
        D:3 |     136 |       0 |   0.0 |      30 |       0 |   0.0
        D:4 |     301 |     262 |  46.5 |      19 |      19 |  50.0
        D:5 |     314 |     100 |  24.2 |      10 |       1 |   9.1
        D:6 |     884 |     276 |  23.8 |      24 |       5 |  17.2
        D:7 |    1352 |     746 |  35.6 |      27 |       4 |  12.9
        D:8 |    2057 |     670 |  24.6 |      17 |       1 |   5.6
        D:9 |    1837 |    4177 |  69.5 |      35 |      26 |  42.6
       D:10 |    5396 |    1064 |  16.5 |      19 |       2 |   9.5
       D:11 |    6160 |       3 |   0.0 |      32 |       1 |   3.0
       D:12 |   10546 |     857 |   7.5 |      55 |       7 |  11.3
       D:13 |    6385 |    1335 |  17.3 |      24 |      25 |  51.0
       D:14 |   13192 |    5175 |  28.2 |      48 |      10 |  17.2
       D:15 |   15852 |    4520 |  22.2 |      31 |       9 |  22.5
     Lair:1 |    1599 |    5531 |  77.6 |       9 |       9 |  50.0
     Lair:2 |    3370 |    3253 |  49.1 |      11 |       8 |  42.1
     Lair:3 |    3236 |   14625 |  81.9 |      13 |      30 |  69.8
     Lair:4 |    6423 |       0 |   0.0 |      18 |       0 |   0.0
     Lair:5 |    8607 |    3570 |  29.3 |      25 |      12 |  32.4
     Lair:6 |    5418 |    7404 |  57.7 |      25 |      23 |  47.9
    Swamp:1 |   22433 |       0 |   0.0 |      50 |       0 |   0.0
    Swamp:2 |   20860 |       0 |   0.0 |      48 |       0 |   0.0
    Swamp:3 |   11762 |   13678 |  53.8 |      33 |      41 |  55.4
    Swamp:4 |   11735 |   15223 |  56.5 |      28 |      23 |  45.1
   Spider:1 |   11318 |   10341 |  47.7 |      24 |      45 |  65.2
   Spider:2 |   20302 |    1477 |   6.8 |      56 |       1 |   1.8
   Spider:3 |   14269 |    1749 |  10.9 |      32 |       1 |   3.0
   Spider:4 |   12149 |   26004 |  68.2 |      36 |      48 |  57.1
      Orc:1 |    2607 |       0 |   0.0 |      19 |       0 |   0.0
      Orc:2 |    1182 |   11889 |  91.0 |      16 |      27 |  62.8
      Elf:1 |   16764 |   11878 |  41.5 |      25 |      15 |  37.5
      Elf:2 |   17750 |   24860 |  58.3 |      30 |      31 |  50.8
      Elf:3 |   13669 |   36756 |  72.9 |      24 |      26 |  52.0
   Vaults:1 |   47147 |   30581 |  39.3 |      72 |      55 |  43.3
   Vaults:2 |   28446 |   39760 |  58.3 |      66 |      31 |  32.0
   Vaults:3 |   44616 |   27583 |  38.2 |      62 |      34 |  35.4
   Vaults:4 |   50084 |   90634 |  64.4 |      69 |      81 |  54.0
   Vaults:5 |   40620 |   79079 |  66.1 |      45 |      48 |  51.6
    Crypt:1 |   25817 |   21166 |  45.1 |      44 |      27 |  38.0
    Crypt:2 |   44623 |    9046 |  16.9 |      49 |       2 |   3.9
    Crypt:3 |       0 |   72317 | 100.0 |       0 |      81 | 100.0
     Tomb:1 |    9128 |   51170 |  84.9 |      32 |      38 |  54.3
     Tomb:2 |    3377 |    6955 |  67.3 |       7 |       3 |  30.0
   Depths:1 |   39109 |   29966 |  43.4 |      49 |      30 |  38.0
   Depths:2 |   32734 |   68932 |  67.8 |      38 |      43 |  53.1
   Depths:3 |   33153 |   20872 |  38.6 |      40 |      27 |  40.3
   Depths:4 |     265 |   87883 |  99.7 |       1 |      74 |  98.7
   Depths:5 |   44626 |   21415 |  32.4 |      33 |      16 |  32.7
       Hell |   19777 |   31829 |  61.7 |      29 |      50 |  63.3
      Dis:1 |   37636 |   19396 |  34.0 |      89 |      11 |  11.0
      Dis:2 |   25326 |       0 |   0.0 |      58 |       0 |   0.0
      Dis:4 |   38610 |       0 |   0.0 |      61 |       0 |   0.0
      Dis:5 |   28393 |       0 |   0.0 |      51 |       0 |   0.0
      Dis:6 |   51278 |   28274 |  35.5 |      86 |      14 |  14.0
      Dis:7 |   82611 |  105832 |  56.2 |     115 |      58 |  33.5
      Geh:1 |   30767 |       0 |   0.0 |      56 |       0 |   0.0
      Geh:2 |   36465 |       0 |   0.0 |      63 |       0 |   0.0
      Geh:3 |   61575 |    4946 |   7.4 |     112 |       7 |   5.9
      Geh:4 |   37069 |       0 |   0.0 |      64 |       0 |   0.0
      Geh:5 |   39405 |       0 |   0.0 |     108 |       0 |   0.0
      Geh:6 |   42374 |       0 |   0.0 |      74 |       0 |   0.0
      Geh:7 |   51342 |   83462 |  61.9 |      69 |      60 |  46.5
      Coc:1 |   26615 |       0 |   0.0 |      68 |       0 |   0.0
      Coc:2 |   43613 |       0 |   0.0 |      97 |       0 |   0.0
      Coc:3 |   31998 |       0 |   0.0 |      64 |       0 |   0.0
      Coc:4 |   51974 |       0 |   0.0 |      97 |       0 |   0.0
      Coc:5 |   84611 |       0 |   0.0 |     106 |       0 |   0.0
      Coc:6 |   66712 |   12941 |  16.2 |     100 |      13 |  11.5
      Coc:7 |   69935 |   84413 |  54.7 |     103 |      92 |  47.2
      Tar:1 |   66423 |       0 |   0.0 |      87 |       0 |   0.0
      Tar:2 |   24468 |       0 |   0.0 |      58 |       0 |   0.0
      Tar:3 |   33268 |       0 |   0.0 |      54 |       0 |   0.0
      Tar:4 |   29899 |       0 |   0.0 |      32 |       0 |   0.0
      Tar:5 |   42188 |       0 |   0.0 |      61 |       0 |   0.0
      Tar:6 |   42835 |       0 |   0.0 |      67 |       0 |   0.0
      Tar:7 |   90430 |   84955 |  48.4 |      98 |      62 |  38.8
      Zot:1 |   17129 |   10273 |  37.5 |      13 |       8 |  38.1
      Zot:2 |   37492 |   32975 |  46.8 |      26 |      16 |  38.1
      Zot:3 |   74055 |   26477 |  26.3 |      44 |      14 |  24.1
      Zot:4 |   50327 |    6009 |  10.7 |      28 |       3 |   9.7
      Zot:5 |   56856 |  149569 |  72.5 |      35 |      39 |  52.7
    Abyss:1 |   18121 |       0 |   0.0 |      18 |       0 |   0.0
    Abyss:2 |   15276 |    6415 |  29.6 |      28 |      14 |  33.3
    Abyss:3 |   20054 |   14695 |  42.3 |      35 |      11 |  23.9
    Abyss:4 |    1134 |    1988 |  63.7 |       2 |       3 |  60.0
    Abyss:5 |   80595 |       0 |   0.0 |     104 |       0 |   0.0
      Sewer |       0 |      63 | 100.0 |       0 |      25 | 100.0
    Ossuary |       0 |     359 | 100.0 |       0 |      40 | 100.0
      IceCv |       0 |    8057 | 100.0 |       0 |      22 | 100.0
     WizLab |       0 |    2199 | 100.0 |       0 |       6 | 100.0
            +---------+---------+-------+---------+---------+-------
